 Dungeon Crawl Stone Soup version 0.20.1-1-g8b1a95d (webtiles) character file.

1099775 Chifra the Conqueror (level 27, -2/273 HPs)
             Began as a Minotaur Fighter on July 4, 2017.
             Was the Champion of Zin.
             Killed by divine providence
             ... invoked by a mummy priest
              (8 damage)
             ... on level 3 of the Tomb of the Ancients on July 5, 2017.
             The game lasted 07:23:35 (97884 turns).

Chifra the Conqueror (Minotaur Fighter)            Turns: 97884, Time: 07:23:36

Health: -2/273     AC: 62    Str: 35    XL:     27
Magic:  54/54      EV: 26    Int: 20    God:    Zin [******]
Gold:   7548       SH: 24    Dex: 24    Spells: 23/42 levels left

rFire    + . .     SeeInvis +   X - +9 eudemon blade (holy)
rCold    + . .     Gourm    +   b - +3 shield of Catatonia {rC+ MR+}
rNeg     + + +     Faith    .   y - +8 crystal plate armour
rPois    ∞         Spirit   .   Y - +3 crown of Dyrovepreva {rElec Int+2 SInv}
rElec    +         Reflect  .   Q - +2 ratskin cloak {+Rats rPois rN+ Str-1 Int-1 Dex+1}
rCorr    .         Harm     .   l - +1 pair of gloves "Wydual" {Regen+ MP+9 SInv}
MR       +++..                  B - +5 pair of boots "Saqiror" {rF+ Str+3 Int+2}
Stlth    ..........             r - amulet of Toluxto {Gourm rN+ Int+3 Stlth-}
Regen    1.0/turn               G - ring of the Augurer {rN+ MP+9 Str+3}
MPRegen  0.4/turn               D - +6 ring of protection

@: vitalised, about to teleport, very slightly contaminated
A: retaliatory headbutt, horns 2
}: 10/15 runes: serpentine, barnacled, slimy, silver, abyssal, demonic, glowing,
magical, fiery, dark
a: Recite, Vitalisation, Imprison, Sanctuary, Donate Gold, Renounce Religion,
Evoke Ratskin


You were on level 3 of the Tomb of the Ancients.
You worshipped Zin.
Zin was exalted by your worship.
You were full.

You visited 13 branches of the dungeon, and saw 61 of its levels.
You visited Pandemonium 1 time, and saw 19 of its levels.
You visited the Abyss 2 times.
You visited 1 bazaar.
You also visited: Trove and Wizlab.

You collected 9929 gold pieces.
You spent 2021 gold pieces at shops.
You donated 360 gold pieces to Zin.

Inventory:

Hand Weapons
 d - the +5 spear of Satyriasis {pierce, rC++ Dex+2}
   (You found it on level 2 of the Abyss)

   It inflicts extra damage upon your enemies.
   It affects your dexterity (+2).
   It greatly protects you from cold.
 H - the +18 lance "Wyrmbane" {slay drac, rPois rF+ rC+ AC+3}
   (You found it on level 3 of the Elven Halls)

   It affects your AC (+3).
   It protects you from fire.
   It protects you from cold.
   It protects you from poison.
 X - a +9 eudemon blade of holy wrath (weapon)
Missiles
 e - 11 silver javelins
 N - 4 silver tomahawks (quivered)
Armour
 b - the +3 shield of Catatonia (worn) {rC+ MR+}
   (You found it in Pandemonium)

   It protects you from cold.
   It affects your resistance to hostile enchantments.
 l - the +1 pair of gloves "Wydual" (worn) {Regen+ MP+9 SInv}
   (You bought it in a shop on level 7 of the Dungeon)

   It affects your magic capacity (+9).
   It lets you see invisible.
   It increases your rate of regeneration.
 n - a +0 shield of fire resistance
 y - a +8 crystal plate armour (worn)
 A - the +0 pair of boots "Pidwefoj" {*Drain rN+ MR+ rCorr}
   (You found it in a treasure trove)

   It protects you from negative energy.
   It affects your resistance to hostile enchantments.
   It protects you from acid and corrosion.
   It causes draining when unequipped.
 B - the +5 pair of boots "Saqiror" (worn) {rF+ Str+3 Int+2}
   (You found it on level 3 of the Abyss)

   It affects your strength (+3).
   It affects your intelligence (+2).
   It protects you from fire.
 Q - the +2 ratskin cloak (worn) {+Rats rPois rN+ Str-1 Int-1 Dex+1}
   (You found it on level 3 of the Crypt)

   It affects your strength (-1).
   It affects your intelligence (-1).
   It affects your dexterity (+1).
   It protects you from poison.
   It protects you from negative energy.
 S - a scarf of repulsion
 U - a +0 shield of reflection
 Y - the +3 crown of Dyrovepreva (worn) {rElec Int+2 SInv}
   (You found it on level 4 of the Shoals)

   It affects your intelligence (+2).
   It insulates you from electricity.
   It lets you see invisible.
Jewellery
 r - the amulet of Toluxto (around neck) {Gourm rN+ Int+3 Stlth-}
   (You took it off a seraph in Pandemonium)

   [amulet of the gourmand]

   It allows you to eat raw meat even when not hungry.
   It affects your intelligence (+3).
   It protects you from negative energy.
   It makes you less stealthy.
 t - an uncursed ring of protection from fire
 v - the amulet of Vitality {Regen+ HP+15}
   (You found it on level 3 of the Elven Halls)

   [amulet of regeneration]

   It affects your health (+15).
   It increases your rate of regeneration.
 D - a +6 ring of protection (right hand)
 G - the ring of the Augurer (left hand) {rN+ MP+9 Str+3}
   (You found it on level 3 of the Elven Halls)

   [ring of magical power]

   It affects your strength (+3).
   It protects you from negative energy.
   It affects your magic capacity (+9).
 Z - the ring of Fiapet {rC+ Stlth+}
   (You found it on level 6 of the Lair of Beasts)

   [ring of protection from cold]

   It protects you from cold.
   It makes you more stealthy.
Wands
 K - a wand of digging (21/24)
 P - a wand of disintegration (14/24)
Scrolls
 k - a scroll of magic mapping
 m - a scroll of silence
 p - 9 scrolls of identify
 z - 6 scrolls of fear
 F - 34 scrolls of remove curse
 I - 7 scrolls of teleportation
 O - 7 scrolls of fog
Potions
 i - a potion of agility
 q - 3 potions of flight
 s - 2 potions of ambrosia
 u - a potion of heal wounds
 E - 18 potions of curing
 V - 4 potions of cancellation
 W - 3 potions of berserk rage
Comestibles
 a - 3 meat rations
 c - 5 fruits
 f - 7 bread rations
 C - 33 royal jellies


   Skills:
 O Level 27 Fighting
 + Level 21.1 Long Blades
   Level 14.4 Maces & Flails
 O Level 27 Polearms
 - Level 9.0 Throwing
 O Level 27 Armour
 + Level 21.6 Dodging
 O Level 27 Shields
 - Level 8.0 Spellcasting
 - Level 9.0 Charms
 + Level 4.8 Translocations
 + Level 4.9 Air Magic
 + Level 20.2 Invocations


You had 23 spell levels left.
You knew the following spells:

 Your Spells              Type           Power        Failure   Level  Hunger
a - Infusion              Chrm           ####         1%          1    None
b - Shroud of Golubria    Chrm/Tloc      #####.....   3%          2    None
c - Song of Slaying       Chrm           #####...     1%          2    None
d - Swiftness             Chrm/Air       #####...     3%          2    None
e - Passwall              Tmut/Erth      #.........   47%         2    None
f - Conjure Flame         Conj/Fire      #.......     71%         3    None
g - Summon Butterflies    Summ           #.......     34%         1    None
h - Deflect Missiles      Chrm/Air       #####.....   97%         6    ######.


Dungeon Overview and Level Annotations

Branches:
Dungeon (15/15)            Temple (1/1) D:6            Lair (6/6) D:10
 Shoals (4/4) Lair:3        Snake (4/4) Lair:4        Slime (5/5) Lair:6
    Orc (2/2) D:9             Elf (3/3) Orc:2        Vaults (5/5) D:14
  Crypt (3/3) Vaults:3       Tomb (3/3) Crypt:3      Depths (5/5) D:15
    Zot (5/5) Depths:5

Altars:
Ashenzari
Cheibriados
Dithmenos
Elyvilon
Fedhas
Gozag
Hepliaklqana
Kikubaaqudgha
Makhleb
Nemelex Xobeh
Okawaru
Qazlal
Ru
Sif Muna
Trog
Uskayaw
Vehumet
Xom
Yredelemnul
Zin
The Shining One
Beogh
Jiyva

Shops:
D:7 *?[   D:11 (   D:15 [   Orc:2 (:!?}   Elf:1 :   Elf:3 *   Shoals:2 !::[
Vaults:5 }}   Depths:3 [   Depths:4 ::[:

Portals:
Hell: Depths:1 Depths:2 Depths:3 Depths:4 Depths:5
Abyss: Depths:2 Depths:4 Depths:5
Pandemonium: Orc:2 Depths:3
Ziggurat: Depths:1

Annotations:
Lair:1 exclusion: oklob plant
Lair:2 exclusion: oklob plant


Innate Abilities, Weirdness & Mutations

You reflexively headbutt those who attack you in melee.
You have a pair of horns on your head.


Message History

The greater mummy points at you and mumbles some strange words.
Something smites you!
* * * LOW HITPOINT WARNING * * *
The emperor scorpion is engulfed in dark miasma.
The emperor scorpion looks even sicker.
The emperor scorpion dies!
The emperor scorpion's corpse disappears in a puff of smoke!
The mummy priest mumbles some strange prayers to its god against you.
Something smites you!
* * * LOW HITPOINT WARNING * * *
The ushabti shakes and rattles deafeningly!
The ushabti misses the death scarab.
The mummy priest invokes the aid of its god against you.
Something smites you! Zin protects you from harm!
The revenant conjures spectral mists around you.
The spectral mist engulfs you!
The mummy priest mumbles some strange prayers to its god against you.
Something smites you!
You die...

*####* ######## ******* **$$$$#*
#......# **,,,,,**
**,$$$$.#*#......#**,,,,,,,**
*,,$$$§..*#...ss§#*,,,,,,,,,**
,,,$$$.§.##...Ms3#*,,,,,,,,,,**
,,,$$$..§.#.ssMz@#,,,,,,,,,,,,**
$($$$.....#.88ML§#,,,,,,,,,,,,,**
$($$=.....'.M4s8MZM,,,,,,,,,,,,,*
$)?$......#8.8sss#.,,,,,,,,,,,,,,
$[$$.....$#MWWM8z#..,,,,,,,,,,,,,
$.....4.M##MW8MM8#*..,,,,,,,,,,,,
$....$.§.##S3WMMM#*...,,,,,,,,,,,
.....4W§#*MMZSMMMM#*...,,,,,,,,,,
.....^<#*,....!s...**<,,,,,,,,,,*


You could see 3 greater mummies, 2 emperor scorpions, a revenant, 6 mummy
priests, a skeletal warrior, 2 soul eaters, 2 mana vipers, 8 guardian mummies, 8
ushabtiu, a rust devil, 2 freezing wraiths, a spectral emperor scorpion, 2
wraiths, 7 death scarabs, 2 mummies, a wight and an ice dragon simulacrum.

Vanquished Creatures
  Cerebov (Pan)
  the Royal Jelly (Slime:5)
  Gloorx Vloq (Pan)
  Mnoleg (Pan)
  Lom Lobon (Pan)
  A seraph (Pan)
  9 ancient liches
  5 pandemonium lords (Pan)
  Mara (Crypt:2)
  3 orbs of fire (Zot:5)
  2 juggernauts
  31 greater mummies
  Sojobo (Depths:2)
  Bai Suzhen (Shoals:4)
  Frederick (Vaults:2)
  Nikola (Shoals:2)
  3 Killer Klowns
  Vashnia (Snake:4)
  2 profane servitors (Abyss:3)
  Jory (Vaults:4)
  7 golden dragons
  4 bone dragons
  2 Tzitzimimeh (Pan)
  A pearl dragon (Pan)
  5 electric golems
  5 Brimstone Fiends (Pan)
  An Ice Fiend (Pan)
  2 hellephants (Abyss:3)
  Jorgrun (Crypt:2)
  27 tentacled monstrosities
  2 Hell Sentinels (Pan)
  7 quicksilver dragons
  Rupert (Orc:1)
  A shard shrike skeleton (Crypt:1)
  3 deep elf master archers (Elf:3)
  3 deep elf blademasters
  8 liches
  25 Orb Guardians (Zot:5)
  An eldritch tentacle (Pan)
  17 Executioners
  11 titans
  10 acid blobs (Slime:5)
  Polyphemus (Shoals:2)
  3 ancient champions
  9 death cobs
  Kirke (Elf:1)
  14 sphinxes
  7 tentacled starspawn
  A thorn hunter (Depths:4)
  12 shadow dragons
  12 draconian monks
  15 storm dragons
  9 tengu reavers
  7 revenants
  Donald (Snake:1)
  14 daevas (Pan)
  Ilsuiw (Shoals:4)
  6 nagarajas
  Roxanne (Shoals:2)
  17 fire giants
  18 frost giants
  5 draconian scorchers
  2 blood saints (Pan)
  An iron dragon (Depths:2)
  4 ghost moths
  7 draconian knights
  10 deep elf sorcerers
  21 balrugs
  An orc warlord (Orc:2)
  5 azure jellies (Slime:5)
  6 draconian shifters
  7 draconian stormcallers
  5 deep elf elementalists
  2 warmongers (Pan)
  14 cacodemons (Pan)
  5 ghouls (Crypt:3)
  22 angels
  4 spriggan defenders
  16 vault wardens
  10 draconian annihilators
  18 very ugly things
  2 war gargoyles (Vaults:5)
  3 curse skulls
  A reaper (Pan)
  3 entropy weavers
  13 ophanim
  19 ironheart preservers
  2 corrupters (Pan)
  6 bennus
  19 stone giants
  7 vampire knights
  23 apis (Pan)
  12 green draconians
  9 deep elf demonologists
  2 black suns (Pan)
  14 yellow draconians
  5 dire elephants (Lair:6)
  15 red draconians
  12 spark wasps
  19 white draconians
  12 deep elf annihilators
  17 purple draconians
  9 black draconians
  7 lorocyprocas
  12 deep elf death magi
  An orange crystal statue (WizLab)
  6 eidola (Crypt:3)
  3 merfolk javelineers (Shoals:4)
  9 blizzard demons
  14 green deaths (Pan)
  16 ettins
  17 mummy priests
  5 spectral quicksilver dragons (Crypt:3)
  4 death oozes (Slime:5)
  9 merfolk impalers
  16 jiangshi
  12 fire dragons
  5 deep elf high priests
  16 ice dragons
  17 yaktaur captains
  3 hell beasts
  5 monstrous demonspawn (Pan)
  15 rakshasas
  18 naga warriors
  5 spriggan air magi
  4 great orbs of eyes
  A catoblepas (Shoals:2)
  A quicksilver dragon skeleton (Tomb:1)
  4 merfolk avatars
  10 hydras
  41 vault guards
  2 spectral fire giants (Crypt:3)
  16 centaur warriors
  8 anacondas
  2 alligator snapping turtles
  28 two-headed ogres
  27 death scarabs
  3 merfolk aquamancers
  36 dancing weapons
  2 death knights
  3 satyrs
  7 ogre magi
  3 death yaks (Shoals:2)
  3 spectral storm dragons (Crypt:3)
  4 hell hogs
  Urug (D:13)
  15 tengu warriors
  25 thrashing horrors
  10 vampire magi
  10 naga sharpshooters
  15 soul eaters
  8 deep troll earth magi
  3 spriggan berserkers
  A titan zombie (Crypt:2)
  6 orc high priests
  7 deep troll shamans
  33 deep elf knights
  14 shock serpents
  Sonja (Lair:1)
  18 hell knights
  A titan skeleton (Tomb:1)
  45 sun demons
  12 shadow wraiths
  14 wretched stars
  A spectral emperor scorpion (Crypt:3)
  18 sixfirhies
  A quicksilver dragon simulacrum (Tomb:2)
  6 iron trolls
  4 spatial maelstroms
  17 sea snakes
  4 salamander mystics
  2 anaconda zombies
  16 cherubim
  21 skeletal warriors
  A fire crab (shapeshifter) (Depths:4)
  6 glowing orange brains
  8 gelid demonspawn (Pan)
  25 deep trolls
  5 unseen horrors
  3 infernal demonspawn
  A storm dragon skeleton (Crypt:3)
  2 spectral hydras (Crypt:3)
  A death drake (shapeshifter) (Abyss:1)
  A shadow dragon zombie (Abyss:3)
  5 shadow demons (Pan)
  13 flayed ghosts
  7 swamp dragons (Depths:4)
  2 torturous demonspawn
  A lindwurm (shapeshifter) (Vaults:4)
  24 harpies
  2 naga ritualists (Snake:4)
  A spectral wolf spider (Crypt:3)
  An anaconda skeleton (Pan)
  4 wizards
  2 wolf spider zombies
  Pikel (D:8)
  30 deep elf archers
  A stone giant zombie (Tomb:2)
  19 orc knights
  13 phantasmal warriors
  16 ironbrand convokers
  4 wolf spiders
  An orb spider (Abyss:3)
  A shadow dragon skeleton (Crypt:1)
  9 mana vipers
  2 golden dragon skeletons (Crypt:3)
  8 orc sorcerers
  80 deep elf magi
  8 necromancers
  10 cyclopes
  37 ugly things
  9 fauns
  4 salamanders
  2 human zombies (Vaults:2)
  2 spectral fire dragons (Crypt:3)
  7 shining eyes
  A faun (shapeshifter) (Vaults:2)
  A spectral ettin (Crypt:3)
  13 manticores
  A salamander (shapeshifter) (Depths:3)
  4 worldbinders (Abyss:3)
  An elephant (shapeshifter) (Elf:3)
  29 moths of wrath
  6 merfolk sirens
  A dire elephant zombie (Crypt:3)
  4 elephants (Lair:6)
  2 fire giant skeletons
  2 centaur zombies
  6 guardian serpents
  16 naga magi
  26 black mambas
  2 rust devils
  20 vault sentinels
  A water nymph (shapeshifter) (Abyss:3)
  A titan simulacrum (Crypt:3)
  4 water nymphs
  Joseph (D:7)
  4 eyes of devastation
  34 smoke demons
  An apocalypse crab (Abyss:3)
  14 orange demons
  7 efreet
  A shock serpent skeleton (Abyss:3)
  A hellion (Pan)
  3 kobold demonologists
  11 spiny frogs
  28 freezing wraiths
  2 ice devils
  4 tormentors (Pan)
  3 komodo dragons
  A rime drake (Lair:6)
  8 demonic crawlers
  A white draconian skeleton (Crypt:3)
  20 hellwings
  A komodo dragon (shapeshifter) (Vaults:3)
  A catoblepas skeleton (Pan)
  9 red devils (Pan)
  26 yaktaurs
  4 tengu conjurers
  30 guardian mummies
  A hydra zombie (Crypt:3)
  A pale draconian skeleton (Crypt:3)
  8 trolls
  2 wind drakes
  26 merfolk
  11 ancient zymes
  3 silent spectres
  A spectral harpy (Crypt:3)
  2 wolf spider simulacra (Crypt:3)
  A raiju (shapeshifter) (Vaults:2)
  A queen bee (Depths:2)
  A queen bee (shapeshifter) (Vaults:1)
  Prince Ribbit (D:7)
  A harpy skeleton (Crypt:2)
  6 hornets
  61 slime creatures
  27 blink frogs
  A hydra skeleton (Tomb:2)
  2 frost giant simulacra
  2 alligator zombies
  8 dream sheep
  11 hippogriffs
  39 raiju
  2 shadows
  An ettin zombie (Vaults:2)
  A fire dragon zombie (Crypt:3)
  An ice dragon zombie (Crypt:2)
  3 redbacks (Vaults:4)
  10 snapping turtles
  6 air elementals
  An iron dragon simulacrum (Crypt:2)
  2 spriggans (Depths:5)
  Sigmund (D:4)
  18 flying skulls
  A tarantella (shapeshifter) (Depths:5)
  A shock serpent simulacrum (Crypt:2)
  4 wyverns
  21 yaks
  2 ice dragon skeletons
  2 centaur simulacra
  3 ettin skeletons
  A fire dragon skeleton (Pan)
  19 water elementals
  A fire bat (shapeshifter) (Depths:2)
  22 ynoxinuls
  13 wraiths
  A wyvern (shapeshifter) (Vaults:3)
  5 fire bats
  13 golden eyes
  2 humans
  3 basilisks
  17 chaos spawn
  A golden eye (shapeshifter) (D:15)
  3 hogs (D:7)
  17 ushabtiu
  A fire elemental (Elf:1)
  A hog (shapeshifter) (D:13)
  2 hungry ghosts
  Eustachio (D:5)
  29 neqoxecs
  A catoblepas simulacrum (Crypt:3)
  A human simulacrum (Vaults:2)
  2 yaktaur simulacra (Vaults:3)
  Edmund (D:4)
  7 vampire mosquitoes
  A spectral spiny frog (Crypt:3)
  A spatial vortex (Abyss:1)
  9 wargs
  2 swamp worms (Depths:4)
  An emperor scorpion simulacrum (Tomb:2)
  57 large abominations
  2 acid dragons
  3 soldier ants
  15 water moccasins
  44 nagas
  6 floating eyes
  A water moccasin (shapeshifter) (Depths:2)
  8 porcupines
  5 sky beasts
  A deep troll skeleton (Crypt:2)
  A gelid demonspawn skeleton (Crypt:3)
  A floating eye (shapeshifter) (Elf:3)
  56 orc warriors
  A hornet zombie (Crypt:1)
  3 spiny frog skeletons
  A swamp drake (Depths:4)
  4 slaves (D:8)
  A black bear (shapeshifter) (Vaults:5)
  A black bear (D:8)
  3 ice beasts
  A necrophage (D:6)
  54 starcursed masses
  15 boggarts
  4 eyes of draining
  5 phantoms
  18 small abominations
  8 wolves
  19 ogres
  A swamp dragon skeleton (Crypt:3)
  19 centaurs
  2 snapping turtle skeletons
  10 crocodiles
  5 big kobolds
  A bullfrog (shapeshifter) (Vaults:5)
  20 bullfrogs
  A salamander skeleton (Crypt:2)
  3 earth elementals
  6 human skeletons
  A deep troll simulacrum (Vaults:2)
  2 wyvern skeletons
  A water moccasin skeleton (Crypt:3)
  8 scorpions
  A killer bee (shapeshifter) (Depths:2)
  2 queen bee zombies (Crypt:1)
  19 killer bees (Depths:2)
  13 wights
  A howler monkey (D:11)
  18 crimson imps
  2 bullfrog zombies
  5 quasits
  A basilisk zombie (Crypt:3)
  7 jellies
  4 hounds
  8 centaur skeletons
  26 orc priests
  2 bullfrog skeletons
  A jelly (shapeshifter) (Depths:2)
  27 orc wizards
  8 iron imps
  6 iguanas
  4 hell rats
  14 worker ants
  A killer bee zombie (D:7)
  A naga zombie (Tomb:2)
  2 felid zombies
  An acid dragon skeleton (Crypt:2)
  2 big kobold skeletons
  A naga skeleton (Crypt:1)
  A hound zombie (D:8)
  37 mummies
  A hound skeleton (D:5)
  A gnoll (Orc:2)
  22 adders
  9 river rats (Lair:5)
  4 shadow imps
  6 white imps
  2 ufetubi
  2 oozes (D:3)
  An adder zombie (D:5)
  6 worms
  2 dart slugs
  2 leopard geckos
  115 orcs
  2 ball pythons
  10 bats
  4 giant cockroaches
  6 goblins
  9 hobgoblins
  14 jackals
  3 quokkas
  3 frilled lizards
  A frilled lizard skeleton (Crypt:3)
  A goblin zombie (D:6)
  26 kobolds
  A kobold zombie (Crypt:2)
  15 rats
  2 briar patches (Depths:4)
  4 fungi
  A pillar of salt (Tomb:3)
  2 plants
  5 starspawn tentacles
3624 creatures vanquished.

Vanquished Creatures (collateral kills)
  A titan (Vaults:5)
  A stone giant (Vaults:5)
  An ettin (Vaults:5)
  A yaktaur captain (Vaults:5)
  A deep troll (Vaults:5)
  A sky beast (shapeshifter) (Vaults:5)
6 creatures vanquished.

Vanquished Creatures (others)
  2 eldritch tentacles
  A draconian annihilator (Pan)
  An ironheart preserver (Vaults:1)
  A merfolk javelineer (Shoals:4)
  A merfolk impaler (Shoals:3)
  An ogre mage (Vaults:1)
  5 death scarabs (Tomb:2)
  A deep elf knight (Elf:1)
  2 skeletal warriors
  A wizard (Pan)
  An unseen horror (Abyss:1)
  A moth of wrath (Zot:5)
  A smoke demon (Pan)
  A shock serpent skeleton (Tomb:1)
  A hellwing (Pan)
  A polar bear (shapeshifter) (Vaults:3)
  2 raiju
  5 flying skulls
  A water elemental (Elf:3)
  4 humans (Elf:1)
  A warg (Vaults:1)
  4 small abominations (Abyss:3)
  4 boggarts
  A quasit (Abyss:3)
  An orc wizard (Vaults:2)
  2 mummies
  7 ball lightnings (Pan)
  2 bushes (Lair:6)
  A fire vortex (Pan)
  5 fungi
  3 lurking horrors (Abyss:3)
  30 pillars of salt
  18 plants
  22 starspawn tentacles
135 creatures vanquished.

Grand Total: 3765 creatures vanquished

Notes
Turn   | Place    | Note
-------+----------+-------------------------------------------
     0 | D:1      | Chifra the Minotaur Fighter began the quest for the Orb.
     0 | D:1      | Reached XP level 1. HP: 19/19 MP: 0/0
   169 | D:1      | Reached XP level 2. HP: 27/27 MP: 1/1
   874 | D:2      | Reached XP level 3. HP: 30/33 MP: 2/2
  1129 | D:2      | Reached XP level 4. HP: 41/41 MP: 3/3
  2128 | D:3      | Reached skill level 1 in Dodging
  2128 | D:3      | Reached XP level 5. HP: 46/47 MP: 4/4
  2152 | D:3      | Reached skill level 5 in Shields
  2338 | D:3      | Reached skill level 5 in Fighting
  3187 | D:4      | Noticed Sigmund
  3202 | D:4      | Killed Sigmund
  3202 | D:4      | Reached XP level 6. HP: 53/56 MP: 5/5
  3228 | D:4      | Noticed Edmund
  3236 | D:4      | Killed Edmund
  3236 | D:4      | Reached skill level 5 in Armour
  3306 | D:4      | Reached XP level 7. HP: 62/62 MP: 6/6
  3427 | D:4      | Got a faintly glowing plate armour
  3430 | D:4      | Identified the cursed +1 plate armour of the Barber Surgeon {rElec rN+++ MR+} (You found it on level 4 of the Dungeon)
  3580 | D:5      | Entered Level 5 of the Dungeon
  3969 | D:5      | Found a bloodstained altar of Trog.
  4038 | D:5      | Found a hide-covered altar of Uskayaw.
  4131 | D:5      | Reached skill level 5 in Maces & Flails
  4184 | D:5      | Noticed Eustachio
  4198 | D:5      | Killed Eustachio
  4200 | D:5      | Reached XP level 8. HP: 66/71 MP: 7/7
  4445 | D:5      | Got a sapphire mace
  4446 | D:5      | Identified the cursed +1 mace "Mupir" {freeze, Int+5 Stlth+} (You found it on level 5 of the Dungeon)
  4502 | D:6      | Found a shadowy altar of Dithmenos.
  4554 | D:6      | Found a white marble altar of Elyvilon.
  4853 | D:6      | Reached skill level 5 in Dodging
  4858 | D:6      | Found a staircase to the Ecumenical Temple.
  4895 | Temple   | Entered the Ecumenical Temple
  4946 | Temple   | Became a worshipper of the Shining One
  5410 | D:6      | Found a runed door.
  5415 | D:6      | Found a basalt altar of Yredelemnul.
  5536 | D:7      | Noticed Joseph
  5549 | D:7      | Killed Joseph
  5549 | D:7      | Reached skill level 1 in Invocations
  5549 | D:7      | Reached XP level 9. HP: 63/79 MP: 7/9
  5633 | D:7      | Found Ydghae's Magic Scroll Shoppe.
  5703 | D:7      | Found Facutuq's Assorted Antiques.
  5747 | D:7      | Bought a scroll of remove curse for 36 gold pieces
  5875 | D:7      | Bought a pair of twisted gloves for 313 gold pieces
  5875 | D:7      | Identified the +1 pair of gloves "Wydual" {Regen+ MP+9 SInv} (You bought it in a shop on level 7 of the Dungeon)
  5966 | D:7      | Reached * piety under the Shining One
  6078 | D:7      | Found Zepsiruc's Antique Armour Emporium.
  6136 | D:7      | Noticed Prince Ribbit
  6152 | D:7      | Killed Prince Ribbit
  6408 | D:8      | Reached XP level 10. HP: 82/90 MP: 11/11
  6480 | D:8      | Found a shimmering altar of Xom.
  6490 | D:8      | Noticed a two-headed ogre
  6498 | D:8      | Killed a two-headed ogre
  6952 | D:9      | Noticed a two-headed ogre
  6959 | D:9      | Killed a two-headed ogre
  7376 | D:8      | Noticed Pikel
  7392 | D:8      | Killed Pikel
  7457 | D:9      | Reached ** piety under the Shining One
  7552 | D:9      | Found a staircase to the Orcish Mines.
  7608 | D:9      | Found a snail-covered altar of Cheibriados.
  7725 | D:9      | Found a glowing silver altar of Zin.
  7825 | D:9      | Reached skill level 5 in Invocations
  7979 | D:9      | Noticed a two-headed ogre
  7989 | D:9      | Killed a two-headed ogre
  7989 | D:9      | Reached XP level 11. HP: 52/99 MP: 13/13
  8154 | D:7      | Bought a scroll of magic mapping for 42 gold pieces
  8466 | Orc:1    | Entered Level 1 of the Orcish Mines
  8471 | Orc:1    | Noticed an orc knight
  8532 | D:9      | Killed an orc knight
  9043 | Orc:2    | Entered Level 2 of the Orcish Mines
  9223 | Orc:2    | Found a roughly hewn altar of Beogh.
  9226 | Orc:2    | Reached skill level 10 in Shields
  9272 | Orc:2    | Found a staircase to the Elven Halls.
  9294 | Orc:2    | Reached skill level 10 in Fighting
  9306 | Orc:2    | Reached *** piety under the Shining One
  9410 | Orc:2    | Noticed an ettin
  9412 | Orc:2    | Noticed Rupert
  9472 | Orc:1    | Killed an ettin
  9519 | Orc:1    | Killed Rupert
  9658 | Orc:2    | Found Gafesh's Gadget Shoppe.
 10210 | Orc:2    | Found Nuwew's Distillery.
 10219 | Orc:2    | Noticed an orc knight
 10227 | Orc:2    | Reached **** piety under the Shining One
 10247 | Orc:2    | Reached skill level 10 in Maces & Flails
 10262 | Orc:2    | Killed an orc knight
 10353 | Orc:2    | Noticed a sun demon
 10353 | Orc:2    | Found Xacli's Magic Scroll Shop.
 10389 | Orc:2    | Killed a sun demon
 10389 | Orc:2    | Reached skill level 10 in Armour
 10405 | Orc:2    | Reached XP level 12. HP: 83/108 MP: 15/15
 10854 | Orc:2    | Noticed an orc high priest
 10896 | Orc:2    | Killed an orc high priest
 10966 | Orc:2    | Noticed an orc high priest
 11000 | Orc:2    | Killed an orc high priest
 11022 | Orc:2    | Noticed an orc high priest
 11028 | Orc:2    | Killed an orc high priest
 11028 | Orc:2    | Reached skill level 10 in Dodging
 11031 | Orc:2    | Noticed an orc high priest
 11031 | Orc:2    | Noticed an orc high priest
 11048 | Orc:2    | Killed an orc high priest
 11048 | Orc:2    | Reached ***** piety under the Shining One
 11059 | Orc:2    | Killed an orc high priest
 11060 | Orc:2    | Found Xuzo's Antique Weapon Shoppe.
 11060 | Orc:2    | Found Pokloxed's Book Emporium.
 11061 | Orc:2    | Found a one-way gate leading to the halls of Pandemonium.
 11133 | Orc:2    | Bought a scroll of teleportation for 39 gold pieces
 11133 | Orc:2    | Bought a scroll of teleportation for 39 gold pieces
 11133 | Orc:2    | Bought a scroll of teleportation for 39 gold pieces
 11135 | Orc:2    | Bought a potion of heal wounds for 80 gold pieces
 11137 | Orc:2    | Bought a scroll of silence for 97 gold pieces
 11328 | D:10     | Entered Level 10 of the Dungeon
 12108 | D:10     | Noticed a tengu warrior
 12116 | D:10     | Killed a tengu warrior
 12144 | D:10     | Reached XP level 13. HP: 117/117 MP: 18/18
 12459 | D:10     | Found a staircase to the Lair.
 12650 | Lair:1   | Entered Level 1 of the Lair of Beasts
 12751 | Lair:1   | Found a snail-covered altar of Cheibriados.
 13659 | Lair:2   | Noticed Sonja
 13779 | Lair:1   | Killed Sonja
 14281 | Lair:3   | Learned a level 1 spell: Infusion
 14284 | Lair:3   | Learned a level 2 spell: Shroud of Golubria
 14287 | Lair:3   | Learned a level 2 spell: Song of Slaying
 14346 | Lair:3   | Found a staircase to the Shoals.
 14948 | Lair:3   | Learned a level 2 spell: Swiftness
 15602 | Lair:4   | Found a staircase to the Snake Pit.
 16884 | Lair:6   | Entered Level 6 of the Lair of Beasts
 16903 | Lair:5   | Reached XP level 14. HP: 117/127 MP: 20/20
 17388 | Lair:6   | Found a viscous altar of Jiyva.
 17389 | Lair:6   | Found a staircase to the Slime Pits.
 17965 | Lair:6   | Got a translucent amber ring
 17969 | Lair:6   | Identified the ring of Fiapet {rC+ Stlth+} (You found it on level 6 of the Lair of Beasts)
 19176 | D:11     | Reached ****** piety under the Shining One
 19275 | D:11     | Found Lazesi's Antique Weapon Shoppe.
 19404 | D:12     | Reached skill level 10 in Invocations
 20532 | D:13     | Noticed Urug
 20545 | D:13     | Killed Urug
 20891 | D:13     | Reached XP level 15. HP: 136/136 MP: 21/21
 20931 | D:13     | Reached skill level 1 in Charms
 21239 | D:14     | Reached skill level 1 in Spellcasting
 22138 | D:14     | Found a gate to the Vaults.
 22245 | D:15     | Entered Level 15 of the Dungeon
 22681 | D:15     | Found a staircase to the Depths.
 23238 | D:15     | Found Kappij's Armour Shop.
 23600 | D:15     | Found a portal to a secret trove of treasure.
 24275 | Depths:1 | Entered Level 1 of the Depths
 24714 | D:11     | Identified an eudemon blade of holy wrath {god gift} (a demon blade of freezing blessed by the Shining One)
 24714 | D:11     | Received a gift from the Shining One
 24919 | Trove    | Entered a treasure trove
 24978 | Trove    | Got a pair of transparent gloves
 24982 | Trove    | Got a slimy cloak
 24984 | Trove    | Got a pair of brightly glowing boots
 25070 | D:15     | Identified the +1 cloak of Refuge {rN+} (You found it in a treasure trove)
 25080 | D:15     | Identified the +1 pair of gloves of Iclak {MR+} (You found it in a treasure trove)
 25090 | D:15     | Identified the +0 pair of boots "Pidwefoj" {*Drain rN+ MR+ rCorr} (You found it in a treasure trove)
 25419 | Orc:2    | Noticed an orc warlord
 25587 | Orc:1    | Reached skill level 1 in Long Blades
 25610 | Orc:2    | Killed an orc warlord
 25729 | Orc:2    | Bought a scroll of enchant weapon for 97 gold pieces
 25729 | Orc:2    | Bought a scroll of enchant weapon for 97 gold pieces
 25729 | Orc:2    | Bought a scroll of identify for 26 gold pieces
 25729 | Orc:2    | Bought a scroll of identify for 26 gold pieces
 25729 | Orc:2    | Bought a scroll of identify for 26 gold pieces
 25857 | D:9      | Fell from the grace of the Shining One
 25857 | D:9      | Became a worshipper of Zin the Law-Giver
 25857 | D:9      | Reached * piety under Zin
 25857 | D:9      | Reached ** piety under Zin
 25857 | D:9      | Reached *** piety under Zin
 25967 | D:7      | Bought a scroll of enchant armour for 247 gold pieces
 25967 | D:7      | Bought a scroll of enchant weapon for 247 gold pieces
 26122 | Elf:1    | Entered Level 1 of the Elven Halls
 26285 | Elf:1    | Reached XP level 16. HP: 147/147 MP: 23/23
 26436 | Elf:1    | Reached skill level 5 in Long Blades
 26748 | Elf:1    | Noticed Kirke
 26766 | Elf:1    | Killed Kirke
 27576 | Elf:1    | Found Rauxt's Book Shop.
 27621 | Elf:1    | Reached skill level 10 in Long Blades
 27626 | Elf:1    | Reached **** piety under Zin
 27804 | Elf:1    | Noticed an Executioner
 28039 | Elf:1    | Cast into level 3 of the Abyss (a deep elf demonologist)
 28088 | Elf:1    | Escaped the Abyss
 28091 | Elf:1    | Noticed an Ice Fiend
 28662 | Shoals:1 | Entered Level 1 of the Shoals
 29382 | Shoals:1 | Reached ***** piety under Zin
 29465 | Shoals:2 | Noticed Roxanne
 29815 | Shoals:2 | Found Rirampaff's Antique Armour Boutique.
 29913 | Shoals:2 | Found Qebyomeys's Book Emporium.
 29921 | Shoals:2 | Found Vaohid's Book Boutique.
 29985 | Shoals:3 | Noticed Polyphemus
 30141 | Shoals:3 | Noticed Nikola
 30250 | Shoals:2 | Killed Nikola
 31051 | Shoals:2 | Killed Polyphemus
 31394 | Shoals:3 | Reached XP level 17. HP: 91/154 MP: 24/24
 31481 | Shoals:4 | Entered Level 4 of the Shoals
 32005 | Shoals:4 | Got a transparent zirconium amulet
 32006 | Shoals:4 | Identified the amulet "Fissav" {*Drain MR+ Regen+ Int+2 SInv} (You found it on level 4 of the Shoals)
 32127 | Shoals:4 | Reached skill level 15 in Long Blades
 32229 | Shoals:4 | Noticed Bai Suzhen
 32495 | Shoals:2 | Found Famoupli's Distillery.
 32506 | Shoals:2 | Bought a potion of heal wounds for 50 gold pieces
 32506 | Shoals:2 | Bought a potion of might for 40 gold pieces
 32506 | Shoals:2 | Bought a potion of agility for 40 gold pieces
 32892 | Lair:3   | Identified a scroll of acquirement
 32893 | Lair:3   | Got a jewelled cloak
 32894 | Lair:3   | Identified the +2 cloak of Hairiness {Int+2 Slay+2} (You acquired it on level 3 of the Lair of Beasts)
 33030 | Snake:1  | Entered Level 1 of the Snake Pit
 33464 | Snake:1  | Noticed Donald
 33481 | Snake:1  | Killed Donald
 34276 | Snake:2  | Reached ****** piety under Zin
 35668 | Snake:3  | Reached skill level 15 in Shields
 35864 | Snake:4  | Entered Level 4 of the Snake Pit
 36560 | Snake:4  | Reached skill level 15 in Armour
 36716 | Snake:4  | Noticed Vashnia
 36844 | Snake:4  | Reached XP level 18. HP: 109/162 MP: 25/25
 36927 | Snake:4  | Reached skill level 15 in Fighting
 37783 | Snake:4  | Killed Vashnia
 38034 | Snake:4  | Got a serpentine rune of Zot
 38573 | Elf:1    | Noticed a Hell Sentinel
 38900 | Elf:2    | Found a magical portal.
 38909 | WizLab   | Entered Wucad Mu's Monastery
 39156 | WizLab   | Reached skill level 5 in Charms
 39156 | WizLab   | Reached XP level 19. HP: 170/170 MP: 17/26
 40185 | Elf:2    | Found a huge runed gate.
 40185 | Elf:2    | Found a huge runed gate.
 40185 | Elf:2    | Found a huge runed gate.
 40199 | Elf:2    | Found a huge runed gate.
 40315 | Elf:2    | Found a huge runed gate.
 40698 | Elf:2    | Noticed a Tzitzimitl
 41146 | Elf:3    | Entered Level 3 of the Elven Halls
 41343 | Elf:3    | Reached XP level 20. HP: 156/180 MP: 27/27
 41412 | Elf:3    | Got a brightly glowing silver amulet
 41414 | Elf:3    | Got a flickering granite ring
 41426 | Elf:3    | Got a pair of spiked gloves
 41435 | Elf:3    | Got a bloodstained flail
 41438 | Elf:3    | Identified the Handbook of the Mountains and Orientation
 41441 | Elf:3    | Identified the +2 pair of gloves of the Planets {Int+4} (You found it on level 3 of the Elven Halls)
 41442 | Elf:3    | Identified the ring of the Augurer {rN+ MP+9 Str+3} (You found it on level 3 of the Elven Halls)
 41443 | Elf:3    | Identified the amulet "Tacilul" {Inacc *Drain rN+ Stlth+} (You found it on level 3 of the Elven Halls)
 41445 | Elf:3    | Identified the +6 flail of Tartarus {vamp, rF+ Int+6 Dex-5} (You found it on level 3 of the Elven Halls)
 41509 | Elf:3    | Reached skill level 1 in Polearms
 42126 | Elf:3    | Found Huasuur's Assorted Antiques.
 42203 | Elf:3    | Reached skill level 5 in Polearms
 43533 | Elf:3    | Reached skill level 10 in Polearms
 43750 | Elf:3    | Identified Sineffoo's Incunabulum of Summoning and Poisoning
 43762 | Elf:3    | Got a transparent spear
 43763 | Elf:3    | Identified the +11 spear "Cozadoh" {flame, rC+ MR++} (You found it on level 3 of the Elven Halls)
 44123 | Vaults:1 | Entered Level 1 of the Vaults
 44815 | Vaults:1 | Reached XP level 21. HP: 185/188 MP: 28/28
 46648 | Vaults:2 | Noticed Frederick
 46673 | Vaults:2 | Killed Frederick
 47185 | Vaults:2 | Reached skill level 15 in Polearms
 48320 | Vaults:3 | Found a staircase to the Crypt.
 48917 | Vaults:3 | Reached XP level 22. HP: 194/199 MP: 29/29
 49496 | Crypt:1  | Entered Level 1 of the Crypt
 49673 | Crypt:1  | Reached skill level 15 in Dodging
 50434 | Crypt:1  | You fall through a shaft!
 50549 | Crypt:2  | Noticed Jorgrun
 50565 | Crypt:2  | Killed Jorgrun
 50701 | Crypt:2  | Noticed Mara
 50703 | Crypt:2  | Noticed Chifra's illusion
 50724 | Crypt:2  | Killed Mara
 51378 | Crypt:3  | Entered Level 3 of the Crypt
 51496 | Crypt:3  | Got a dazzling mace
 51511 | Crypt:3  | Identified the cursed +1 mace of the Lumpy Lovers {venom, +Blink rElec Stlth+} (You found it on level 3 of the Crypt)
 51603 | Crypt:3  | Found a staircase to the Tomb.
 52313 | Crypt:3  | Learned a level 2 spell: Passwall
 53200 | Crypt:3  | Learned a level 3 spell: Conjure Flame
 53441 | Crypt:3  | Reached XP level 23. HP: 168/210 MP: 31/31
 53917 | Vaults:4 | Noticed Jory
 53940 | Vaults:4 | Killed Jory
 55354 | Vaults:5 | Entered Level 5 of the Vaults
 55713 | Vaults:5 | Noticed an ancient lich
 55861 | Vaults:5 | Killed an ancient lich
 56037 | Vaults:5 | Reached XP level 24. HP: 223/224 MP: 31/31
 56722 | Vaults:5 | Found Poin's Gadget Shoppe.
 56725 | Vaults:5 | Found Emigaliq Elo's Gadget Boutique.
 57240 | Vaults:5 | Got an ancient crystal amulet
 57266 | Vaults:5 | Identified the amulet of Ugrepn {Spirit +Blink SInv Stlth+} (You took it off a necromancer on level 5 of the Vaults)
 58015 | Vaults:5 | Got a silver rune of Zot
 58024 | Vaults:5 | Identified the Reference Book on the Glacier and Heat
 58187 | Vaults:5 | Got a brightly glowing scale mail
 58188 | Vaults:5 | Identified the +1 scale mail of the Moon Troll {Str+2} (You found it on level 5 of the Vaults)
 59069 | Shoals:2 | Killed Roxanne
 59070 | Shoals:2 | Identified Roxanne's Collected Works on Stones (You took it off Roxanne on level 2 of the Shoals)
 59091 | Shoals:2 | Bought a potion of curing for 30 gold pieces
 59091 | Shoals:2 | Bought a potion of curing for 30 gold pieces
 59091 | Shoals:2 | Bought a potion of haste for 100 gold pieces
 59398 | Shoals:4 | Noticed Ilsuiw
 59504 | Shoals:4 | Killed Ilsuiw
 59672 | Shoals:4 | Killed Bai Suzhen
 59672 | Shoals:4 | Reached XP level 25. HP: 186/236 MP: 31/31
 59716 | Shoals:4 | Got a barnacled rune of Zot
 60223 | Slime:1  | Entered Level 1 of the Pits of Slime
 60670 | Slime:5  | Entered Level 5 of the Pits of Slime
 61061 | Slime:5  | Paralysed by a floating eye for 2 turns
 61069 | Slime:5  | Paralysed by a floating eye for 2 turns
 61089 | Slime:5  | Found a viscous altar of Jiyva.
 61089 | Slime:5  | Noticed the Royal Jelly
 61127 | Slime:5  | Killed the Royal Jelly
 61189 | Slime:5  | Got a slimy rune of Zot
 61227 | Slime:5  | Learned a level 1 spell: Summon Butterflies
 61231 | Slime:5  | Got a warped mace
 61232 | Slime:5  | Identified the +6 mace "Goqemaja" {drain, rF+ rN+ MR- Int+4} (You found it on level 5 of the Pits of Slime)
 61301 | Slime:5  | Got a faintly humming plate armour
 61302 | Slime:5  | Identified the cursed +0 plate armour of Sin {Int+6} (You found it on level 5 of the Pits of Slime)
 61410 | Slime:5  | Got a jewelled arbalest
 61411 | Slime:5  | Identified the +2 arbalest "Otuz" {penet, +Fly Int+6} (You found it on level 5 of the Pits of Slime)
 62304 | Depths:1 | Reached skill level 1 in Throwing
 62726 | Depths:1 | Found a gateway to a ziggurat.
 62727 | Depths:1 | Found a gateway to Hell.
 63605 | Depths:2 | Noticed a juggernaut
 63828 | Depths:2 | Found a runed door.
 64210 | Depths:2 | Got a twitching silver amulet
 64211 | Depths:2 | Identified the amulet of Abstinence {Reflect -Tele rElec rN+ Int+4 SH+3} (You took it off a frost giant on level 2 of the Depths)
 64215 | Depths:2 | Got a fine great sword {elec}
 64216 | Depths:2 | Identified the +10 great sword of Valour {elec, Dex+3} (You took it off a frost giant on level 2 of the Depths)
 64359 | Depths:2 | Noticed Sojobo
 64392 | Depths:2 | Killed Sojobo
 64401 | Depths:2 | Reached skill level 5 in Throwing
 64660 | Depths:2 | Identified the Catalogue of Lucky Changing
 64872 | Depths:2 | Reached XP level 26. HP: 177/248 MP: 31/31
 65065 | Depths:2 | Found a one-way gate to the infinite horrors of the Abyss.
 65130 | Depths:2 | Identified the Collected Works on Hurtful Stones
 65524 | Depths:3 | Found Dimafat's Antique Armour Shoppe.
 66464 | Depths:3 | Identified the Handbook of Enchanting Ignition
 67207 | Depths:4 | Found Alahogg's One-of-a-Kind Books.
 67250 | Depths:4 | Found Riewitao's Book Boutique.
 67253 | Depths:4 | Found Adwogh's Book Shop.
 67255 | Depths:4 | Found Taac's Antique Armour Boutique.
 67696 | Depths:4 | Learned a level 6 spell: Deflect Missiles
 67698 | Depths:4 | Got a crystal triple sword
 67699 | Depths:4 | Identified the +4 triple sword of Rycu Moug {elec, rC- Str+6 Dex+3 Stlth+} (You found it on level 4 of the Depths)
 68082 | Depths:5 | Entered Level 5 of the Depths
 68130 | Depths:5 | Found a gate to the Realm of Zot.
 68586 | Depths:5 | Found a gateway to a bazaar.
 68598 | Depths:5 | Noticed a juggernaut
 68618 | Depths:5 | Killed a juggernaut
 68630 | Bazaar   | Entered a bazaar
 68671 | Bazaar   | Found Emafaq's Book Shop.
 68671 | Bazaar   | Found Guidghen's Jewellery Shop.
 68719 | Bazaar   | Bought the macabre finger necklace {rN+} for 280 gold pieces
 68851 | Depths:5 | Paralysed by a vampire knight for 6 turns
 69278 | Depths:5 | Reached XP level 27. HP: 259/259 MP: 32/32
 69418 | Depths:4 | Voluntarily entered the Abyss.
 69444 | Abyss:1  | Found a corrupted altar of Lugonu.
 69502 | Abyss:1  | Found a corrupted altar of Lugonu.
 69808 | Abyss:1  | Paralysed by accursed screaming for 1 turns
 69906 | Abyss:1  | Found an ancient bone altar of Kikubaaqudgha.
 70025 | Abyss:1  | Paralysed by accursed screaming for 1 turns
 70039 | Abyss:2  | Got a crystal spear
 70051 | Abyss:3  | Identified the +5 spear of Satyriasis {pierce, rC++ Dex+2} (You found it on level 2 of the Abyss)
 70241 | Abyss:3  | Noticed an ancient lich
 70252 | Abyss:3  | Killed an ancient lich
 70341 | Abyss:3  | Paralysed by accursed screaming for 2 turns
 70400 | Abyss:3  | HP: 12/275 [Brimstone Fiend[a lich] (7)]
 70769 | Abyss:3  | Found an opulent altar of Gozag.
 70779 | Abyss:3  | Found an opulent altar of Gozag.
 70922 | Abyss:3  | Reached skill level 5 in Spellcasting
 71927 | Abyss:3  | Paralysed by accursed screaming for 1 turns
 72252 | Abyss:3  | Reached skill level 15 in Invocations
 72369 | Abyss:3  | Got a scorched scale mail
 72372 | Abyss:3  | Gained mutation: Armour fits poorly on your strangely shaped body. [mutagenic glow]
 72406 | Abyss:3  | Gained mutation: Scrolls take you a little longer to read. [mutagenic glow]
 72780 | Abyss:3  | Got a pair of heavily runed boots
 72789 | Abyss:3  | Identified the +5 pair of boots "Saqiror" {rF+ Str+3 Int+2} (You found it on level 3 of the Abyss)
 72829 | Abyss:3  | Found a glowing golden altar of the Shining One.
 72885 | Abyss:3  | Noticed a juggernaut
 72905 | Abyss:3  | Killed a juggernaut
 72909 | Abyss:3  | Got an abyssal rune of Zot
 73131 | Depths:4 | Escaped the Abyss
 73171 | Depths:4 | Identified the +2 scale mail of the Shore {MR+ Str+6 Dex+3 Stlth-} (You found it on level 3 of the Abyss)
 73237 | Zot:1    | Entered Level 1 of the Realm of Zot
 77006 | Zot:4    | Noticed an ancient lich
 77065 | Zot:4    | Killed an ancient lich
 77128 | Zot:4    | Reached skill level 27 in Fighting
 77286 | Zot:4    | Reached skill level 27 in Armour
 77730 | Zot:5    | Entered Level 5 of the Realm of Zot
 78219 | Zot:5    | Noticed an ancient lich
 78244 | Zot:5    | Killed an ancient lich
 78417 | Zot:5    | Noticed an orb of fire
 78419 | Zot:5    | Noticed an ancient lich
 78420 | Zot:5    | Noticed an ancient lich
 78450 | Zot:5    | Killed an orb of fire
 78459 | Zot:5    | Killed an ancient lich
 78464 | Zot:5    | Paralysed by an ancient lich for 5 turns
 78468 | Zot:5    | Killed an ancient lich
 78794 | Zot:5    | Got a bloodstained flail
 78798 | Zot:5    | Identified the +10 flail "Savvuc" {vamp, +Fly rF++ rC- Dex+3} (You found it on level 5 of the Realm of Zot)
 78804 | Zot:5    | Noticed an orb of fire
 78808 | Zot:5    | Noticed an ancient lich
 78829 | Zot:5    | Killed an orb of fire
 78848 | Zot:5    | Killed an ancient lich
 78973 | Zot:5    | Noticed an orb of fire
 78990 | Zot:5    | Killed an orb of fire
 79033 | Zot:5    | Noticed an ancient lich
 79071 | Zot:5    | Killed an ancient lich
 79426 | Zot:5    | Noticed an ancient lich
 79445 | Zot:5    | Killed an ancient lich
 79748 | Pan      | Entered Pandemonium
 79833 | Pan      | Noticed Hoejiqag the pandemonium lord
 79865 | Pan      | Killed Hoejiqag the pandemonium lord
 80234 | Pan      | Noticed Ocar the pandemonium lord
 80250 | Pan      | Killed Ocar the pandemonium lord
 80415 | Pan      | Noticed Heam the pandemonium lord
 80472 | Pan      | Killed Heam the pandemonium lord
 80615 | Pan      | Entered the realm of Cerebov.
 80848 | Pan      | Found an exit through the horrors of the Abyss.
 81025 | Pan      | Identified the +3 shield of Catatonia {rC+ MR+} (You found it in Pandemonium)
 81222 | Pan      | Received a gift from Zin
 81222 | Pan      | Lost mutation: Scrolls take you a little longer to read. [Zin's power]
 81222 | Pan      | Lost mutation: Armour fits poorly on your strangely shaped body. [Zin's power]
 81497 | Pan      | Identified Watobadd's Incunabulum of Harmful Aid
 82076 | Pan      | Got a crude lead amulet
 82077 | Pan      | Identified the amulet of Circularity {-Tele rElec Regen+ Stlth+} (You found it in Pandemonium)
 82196 | Pan      | Noticed Cerebov
 82242 | Pan      | Killed Cerebov
 82471 | Pan      | Got a fiery rune of Zot
 82626 | Pan      | HP: 7/288 [balrug/divine providence (15)]
 83109 | Pan      | Entered the realm of Mnoleg.
 83409 | Pan      | Paralysed by a floating eye for 3 turns
 83434 | Pan      | Paralysed by a floating eye for 3 turns
 83568 | Pan      | Noticed Mnoleg
 83571 | Pan      | Paralysed by a floating eye for 2 turns
 83576 | Pan      | Paralysed by a floating eye for 3 turns
 83586 | Pan      | Paralysed by a floating eye for 4 turns
 83726 | Pan      | Paralysed by a floating eye for 3 turns
 83774 | Pan      | Paralysed by a floating eye for 2 turns
 83778 | Pan      | Killed Mnoleg
 83813 | Pan      | Paralysed by a floating eye for 4 turns
 83822 | Pan      | Paralysed by a floating eye for 3 turns
 83858 | Pan      | Got a glowing rune of Zot
 84203 | Pan      | Found an exit through the horrors of the Abyss.
 84394 | Pan      | Found an exit through the horrors of the Abyss.
 84570 | Pan      | Found an exit through the horrors of the Abyss.
 84818 | Pan      | Reached skill level 27 in Shields
 85423 | Pan      | Noticed Mucrovy the pandemonium lord
 85471 | Pan      | Killed Mucrovy the pandemonium lord
 85582 | Pan      | Entered the realm of Lom Lobon.
 85713 | Pan      | Found an exit through the horrors of the Abyss.
 86188 | Pan      | Reached skill level 27 in Polearms
 86574 | Pan      | Noticed Lom Lobon
 86611 | Pan      | Killed Lom Lobon
 86695 | Pan      | Got a magical rune of Zot
 87285 | Pan      | HP: 14/288 [daeva/divine providence (12)]
 87451 | Pan      | Identified the +2 large shield of Generosity {rPois Dex+4} (You took it off a daeva in Pandemonium)
 87490 | Pan      | Found a glowing silver altar of Zin.
 87818 | Pan      | Reached skill level 1 in Air Magic
 87890 | Pan      | Reached skill level 1 in Translocations
 88369 | Pan      | Found a white marble altar of Elyvilon.
 88831 | Pan      | Identified the cursed +0 large shield "Cicroede" {rC+ Int+3} (You took it off a daeva in Pandemonium)
 89052 | Pan      | Identified the ring of Xotuu {*Tele MR+ SInv} (You took it off a cherub in Pandemonium)
 89089 | Pan      | Noticed a seraph
 89132 | Pan      | Killed a seraph
 89202 | Pan      | Identified the amulet of Toluxto {Gourm rN+ Int+3 Stlth-} (You took it off a seraph in Pandemonium)
 89218 | Pan      | Found a glowing golden altar of the Shining One.
 89286 | Pan      | Identified the +0 spear of Defiance {holy, *Contam rF+ Str+2} (You found it in Pandemonium)
 89289 | Pan      | Got a demonic rune of Zot
 89517 | Pan      | Noticed Neojites the pandemonium lord
 89606 | Pan      | Killed Neojites the pandemonium lord
 89653 | Pan      | Entered the realm of Gloorx Vloq.
 89674 | Pan      | Found an exit through the horrors of the Abyss.
 90532 | Pan      | Noticed Gloorx Vloq
 90557 | Pan      | Killed Gloorx Vloq
 90708 | Pan      | Got a dark rune of Zot
 90810 | Depths:3 | Escaped Pandemonium
 91277 | Tomb:1   | Entered Level 1 of the Tomb of the Ancients
 91703 | Tomb:1   | Noticed a greater mummy
 91719 | Tomb:1   | Noticed a greater mummy
 91720 | Tomb:1   | Killed a greater mummy
 91734 | Tomb:1   | Killed a greater mummy
 92210 | Tomb:2   | Noticed a greater mummy
 92220 | Tomb:2   | Noticed a greater mummy
 92478 | Tomb:2   | Noticed a greater mummy
 92479 | Tomb:2   | Noticed a greater mummy
 92486 | Tomb:2   | Killed a greater mummy
 92996 | Tomb:2   | Killed a greater mummy
 93005 | Tomb:2   | Killed a greater mummy
 93014 | Tomb:2   | Killed a greater mummy
 93029 | Tomb:2   | HP: 12/270 [ushabti] (11)]
 93912 | Tomb:1   | Noticed a greater mummy
 93919 | Tomb:1   | Killed a greater mummy
 93950 | Tomb:1   | Noticed a greater mummy
 93957 | Tomb:1   | Killed a greater mummy
 93977 | Tomb:1   | Noticed a greater mummy
 93989 | Tomb:1   | Killed a greater mummy
 94031 | Tomb:1   | Noticed a greater mummy
 94033 | Tomb:1   | Noticed a greater mummy
 94034 | Tomb:1   | Noticed a greater mummy
 94041 | Tomb:1   | Noticed a greater mummy
 94045 | Tomb:1   | Killed a greater mummy
 94506 | Tomb:1   | Noticed a greater mummy
 94517 | Tomb:1   | Killed a greater mummy
 94528 | Tomb:1   | Killed a greater mummy
 94633 | Tomb:1   | Noticed a greater mummy
 94634 | Tomb:1   | Noticed a greater mummy
 94635 | Tomb:1   | Noticed a greater mummy
 94637 | Tomb:1   | Noticed a greater mummy
 94982 | Tomb:1   | Killed a greater mummy
 95216 | Tomb:1   | Killed a greater mummy
 95221 | Tomb:1   | Noticed a greater mummy
 95240 | Tomb:1   | Killed a greater mummy
 95409 | Tomb:1   | Killed a greater mummy
 95439 | Tomb:1   | Noticed a greater mummy
 95441 | Tomb:1   | Noticed a greater mummy
 95442 | Tomb:1   | Noticed a greater mummy
 95448 | Tomb:1   | Killed a greater mummy
 95449 | Tomb:1   | Noticed a greater mummy
 95453 | Tomb:1   | Killed a greater mummy
 95459 | Tomb:1   | Killed a greater mummy
 95849 | Tomb:1   | Killed a greater mummy
 95901 | Tomb:1   | Killed a greater mummy
 96096 | Tomb:1   | Killed a greater mummy
 96158 | Tomb:1   | Noticed a greater mummy
 96169 | Tomb:1   | Noticed a greater mummy
 96189 | Tomb:1   | Killed a greater mummy
 96265 | Tomb:1   | Killed a greater mummy
 96553 | Tomb:1   | Noticed a greater mummy
 96561 | Tomb:1   | Killed a greater mummy
 96572 | Tomb:1   | Noticed a greater mummy
 96579 | Tomb:1   | Killed a greater mummy
 96712 | Tomb:1   | Killed a greater mummy
 96810 | Tomb:1   | Noticed a greater mummy
 96820 | Tomb:1   | Noticed a greater mummy
 96821 | Tomb:1   | Killed a greater mummy
 96824 | Tomb:1   | Noticed a greater mummy
 96836 | Tomb:1   | HP: 8/265 [greater mummy/divine providence (13)]
 97307 | Tomb:1   | Killed a greater mummy
 97311 | Tomb:1   | Killed a greater mummy
 97686 | Tomb:3   | Entered Level 3 of the Tomb of the Ancients
 97705 | Tomb:3   | Noticed a greater mummy
 97708 | Tomb:3   | Noticed a greater mummy
 97711 | Tomb:3   | Noticed a greater mummy
 97873 | Tomb:3   | Noticed a greater mummy
 97876 | Tomb:3   | Killed a greater mummy
 97884 | Tomb:3   | HP: 6/273 [mummy priest/divine providence (9)]
 97884 | Tomb:3   | Zin protects you from harm!
 97884 | Tomb:3   | Killed from afar by a mummy priest

Skill      XL: |  1  2  3  4  5  6  7  8  9 10 11 12 13 14 15 16 17 18 19 20 21 22 23 24 25 26 27 |
---------------+----------------------------------------------------------------------------------+-----
Fighting       | 4 5 6 7 8 9 10 11 12 13 14 15 16 17 18 20 21 22 23 27 | 27.0
Shields        | 4 5 6 7 8 9 10 11 12 13 14 15 16 17 18 20 21 27 | 27.0
Maces & Flails | 3 4 5 6 7 9 10 11 12 13 14 | 14.4
Armour         | 4 5 6 7 8 10 11 12 13 14 15 16 19 21 22 23 27 | 27.0
Dodging        | 1 2 4 5 6 7 9 10 11 12 13 14 16 17 19 21 | 21.6
Invocations    | 1 3 5 6 8 9 10 11 12 13 20 | 20.2
Charms         | 1 2 5 6 9 |  9.0
Spellcasting   | 1 3 8 |  8.0
Long Blades    | 4 14 15 16 17 21 | 21.1
Polearms       | 12 15 16 18 19 27 | 27.0
Throwing       | 5 8 9 |  9.0
Air Magic      | 4 |  4.9
Translocations | 4 |  4.8

Action                   |  1- 3 |  4- 6 |  7- 9 | 10-12 | 13-15 | 16-18 | 19-21 | 22-24 | 25-27 || total
-------------------------+-------+-------+-------+-------+-------+-------+-------+-------+-------++-------
Melee: Flail             |    80 |   134 |   247 |   761 |  1806 |       |       |       |       ||  3028
       Headbutt          |     9 |    22 |    47 |   164 |   468 |   407 |   518 |   783 |  2809 ||  5227
       Eudemon blade     |       |       |       |       |   112 |  1681 |  1619 |   644 |   928 ||  4984
       Lance             |       |       |       |       |       |       |   159 |  1797 |  7439 ||  9395
 Cast: Song of Slaying   |       |       |       |       |       |       |       |       |     1 ||     1
       Swiftness         |       |       |       |       |       |       |       |       |     2 ||     2
Invok: Divine Shield     |       |       |       |     4 |     3 |       |       |       |       ||     7
       Brand Weapon With |       |       |       |       |     1 |       |       |       |       ||     1
       Recite            |       |       |       |       |       |     1 |       |       |    14 ||    15
       Vitalisation      |       |       |       |       |       |       |       |       |    12 ||    12
       Cure All Mutation |       |       |       |       |       |       |       |       |     1 ||     1
Evoke: Wand              |       |       |       |       |       |     1 |       |       |       ||     1
  Use: Scroll            |     9 |     3 |    11 |     3 |    17 |    21 |    10 |    15 |    61 ||   150
       Potion            |       |     1 |       |     5 |     2 |    15 |     3 |    12 |    38 ||    76
 Stab: Distracted        |       |       |       |       |       |     1 |       |       |     5 ||     6
       Confused          |       |       |       |       |       |       |       |       |     7 ||     7
       Invisible         |       |       |       |       |       |       |       |       |     1 ||     1
  Eat: Chunk             |       |     7 |     4 |    14 |    22 |     4 |       |       |    11 ||    62
       Royal jelly       |       |       |     1 |       |       |     1 |     1 |     3 |       ||     6
       Meat ration       |       |       |     1 |     2 |     5 |     5 |     3 |     3 |    11 ||    30
       Bread ration      |       |       |       |       |       |     3 |     2 |     4 |    13 ||    22
       Fruit             |       |       |       |       |       |     6 |     1 |     3 |     9 ||    19
Armor: Scale mail        |    62 |    68 |     7 |       |       |       |       |       |       ||   137
       Plate armour      |       |       |   107 |   277 |   692 |    46 |       |       |       ||  1122
       Fire dragon scale |       |       |       |       |    54 |   241 |   477 |   779 |    14 ||  1565
       Ice dragon scales |       |       |       |       |       |    74 |       |       |       ||    74
       Swamp dragon scal |       |       |       |       |       |   234 |       |       |       ||   234
       Crystal plate arm |       |       |       |       |       |       |       |       |  3734 ||  3734
Dodge: Dodged            |    25 |    50 |    54 |   146 |   557 |   852 |   795 |  1348 |  3711 ||  7538
       Deflected         |       |       |       |       |     7 |    47 |    63 |     9 |     1 ||   127
Block: Shield            |    60 |    74 |   117 |       |   130 |  1151 |  1210 |  1909 |  6912 || 11563
       Large shield      |       |       |    19 |   785 |  1770 |       |       |       |       ||  2574
       Reflection        |       |       |       |       |       |     1 |       |       |     3 ||     4
       Rpst.: Eudemon blade |       |       |       |       |    19 |   162 |   154 |    68 |   112 ||   515
